 Dungeon Crawl Stone Soup version 0.28.0-45-g0d030f2227 (webtiles) character file.

Game seed: 6942901910079227774

578 boopmooplesden the Slasher (level 7, -2/61 HPs)
             Began as a Minotaur Berserker on Apr 11, 2022.
             Was a Priest of Trog.
             Slain by a gnoll
             ... wielding a +0 halberd
              (10 damage)
             ... on level 5 of the Dungeon.
             The game lasted 00:03:55 (4088 turns).

boopmooplesden the Slasher (Minotaur Berserker)     Turns: 4088, Time: 00:03:56

Health: -2/61      AC:  2    Str: 21    XL:     7   Next: 13%
Magic:  6/6        EV: 11    Int:  6    God:    Trog [***...]
Gold:   223        SH:  3    Dex: 13    Spells: 6/6 levels left

rFire   + + +      SeeInvis .   a - +1 falchion (freeze)
rCold   . . .      Faith    .   u - +0 buckler
rNeg    . . .      Spirit   .   m - +1 scale mail "Etahaemu" {*Corrode rElec rF+++ Dex+3}
rPois   .          Reflect  .   (helmet restricted)
rElec   +          Harm     .   (no cloak)
rCorr   .          Rampage  .   (no gloves)
Will    .....                   d - +1 pair of boots
Stlth   ..........              (no amulet)
HPRegen 0.20/turn               (no ring)
MPRegen 0.10/turn               (no ring)

@: corroded, on berserk cooldown, slowed, very slow
A: horns 2, retaliatory headbutt
a: Renounce Religion, Berserk, Trog's Hand


You were on level 5 of the Dungeon.
You worshipped Trog.
Trog was most pleased with you.
You visited 1 branch of the dungeon, and saw 5 of its levels.

You collected 223 gold pieces.

Inventory:

Hand Weapons
 a - a +1 falchion of freezing (weapon)
Armour
 b - a +0 animal skin
 d - a +1 pair of boots (worn)
 m - the +1 scale mail "Etahaemu" (worn) {*Corrode rElec rF+++ Dex+3}
   (You found it on level 4 of the Dungeon)

   Dex:       It affects your dexterity (+3).
   rF:        It renders you almost immune to fire.
   rElec:     It insulates you from electricity.
   *Corrode:  It may corrode you when you take damage.
 t - a +0 chain mail
 u - a +0 buckler (worn)
Jewellery
 j - an amulet of regeneration
Wands
 l - a wand of paralysis (7)
Scrolls
 c - a scroll of fog
 e - a scroll of enchant armour
 o - a scroll of holy word {unknown}
 q - a scroll of magic mapping
 s - a scroll of identify
Potions
 f - a potion of lignification {unknown}
 g - a potion of invisibility {unknown}
 h - a potion of flight {unknown}
 i - a potion of mutation {unknown}
 k - a potion of heal wounds {unknown}
 n - 2 potions of brilliance {unknown}
 p - a potion of might {unknown}


   Skills:
 + Level 5.4 Fighting
 + Level 6.8 Long Blades
 + Level 3.8 Armour
 + Level 4.2 Dodging
 + Level 1.4 Stealth
 + Level 0.8 Shields


You had 6 spell levels left.
You didn't know any spells.
Your spell library was empty.

Dungeon Overview and Level Annotations

Branches:
Dungeon (5/15)             Temple (0/1) D:4

Altars:
Nemelex Xobeh


Innate Abilities, Weirdness & Mutations

You have a pair of horns on your head.
You reflexively headbutt those who attack you in melee.


Message History

The gnoll is heavily wounded.
The gnoll closely misses you. x2
The gnoll hits you from afar with a +0 spear!
You closely miss the gnoll. Your headbutt misses the gnoll.
The gnoll is heavily wounded.
The gnoll closely misses you. The gnoll barely misses you.
You block the gnoll's attack.
You barely miss the gnoll.
You headbutt the gnoll, but do no damage.
The gnoll is heavily wounded.
The gnoll hits you but does no damage. The gnoll barely misses you.
The gnoll hits you from afar with a +0 spear.
You hit the gnoll but do no damage.
The gnoll is heavily wounded.
The gnoll hits you with a +0 halberd!
* * * LOW HITPOINT WARNING * * *
The gnoll barely misses you. x2
You barely miss the gnoll.
The gnoll is moderately wounded.
The gnoll hits you from afar with a +0 spear.
* * * LOW HITPOINT WARNING * * *
The gnoll barely misses you.
You hit the gnoll but do no damage.
The gnoll is moderately wounded.
The gnoll hits you from afar with a +0 spear.
* * * LOW HITPOINT WARNING * * *
You block the gnoll's attack.
The gnoll hits you from afar with a +0 spear.
* * * LOW HITPOINT WARNING * * *
You block the gnoll's attack.
You feel better. The gnoll barely misses you. The gnoll misses you.
The gnoll hits you from afar with a +0 spear.
* * * LOW HITPOINT WARNING * * *
You feel better. The gnoll closely misses you. The gnoll barely misses you.
The gnoll hits you with a +0 halberd.
* * * LOW HITPOINT WARNING * * *
The gnoll hits you from afar with a +0 halberd!
* * * LOW HITPOINT WARNING * * *
The gnoll hits you from afar with a +0 halberd!
You die...

############
#.@.gg......
#.#########.
#.# #.# #
#.# ### #.#
#.. #.# #.#
#.# #.# #.#


You could see 2 gnolls.

Vanquished Creatures
  Menkaure (D:4)
  A necrophage (D:5)
  A black bear (D:4)
  A scorpion (D:4)
  2 hounds (D:5)
  A centaur skeleton (D:4)
  A gnoll (D:5)
  3 adders
  An ufetubus (D:4)
  A dart slug (D:4)
  11 orcs
  5 ball pythons
  11 endoplasms
  9 giant cockroaches
  6 goblins
  5 hobgoblins
  3 bats
  4 frilled lizards
  5 kobolds
  5 rats
77 creatures vanquished.

Notes
Turn   | Place    | Note
-------+----------+-------------------------------------------
     0 | D:1      | boopmooplesden the Minotaur Berserker began the quest for
                  | the Orb.
     0 | D:1      | Reached XP level 1. HP: 19/19 MP: 0/0
   194 | D:1      | Reached skill level 4 in Long Blades
   270 | D:1      | Reached XP level 2. HP: 27/27 MP: 1/1
  1057 | D:2      | Reached ** piety under Trog
  1088 | D:2      | Reached XP level 3. HP: 33/33 MP: 2/2
  1574 | D:3      | Found a sparkling altar of Nemelex Xobeh.
  1813 | D:3      | Reached XP level 4. HP: 40/41 MP: 3/3
  2148 | D:4      | Reached *** piety under Trog
  2149 | D:4      | Reached skill level 5 in Long Blades
  2499 | D:4      | Identified the +1 scale mail "Etahaemu" {*Corrode rElec
                  | rF+++ Dex+3}
  2609 | D:4      | Found a staircase to the Ecumenical Temple.
  2611 | D:4      | Noticed a scorpion
  2624 | D:4      | Killed a scorpion
  2625 | D:4      | Reached skill level 1 in Stealth
  2625 | D:4      | Reached XP level 5. HP: 32/47 MP: 4/4
  2788 | D:4      | Noticed a black bear
  2794 | D:4      | Killed a black bear
  2795 | D:4      | Reached skill level 5 in Fighting
  2795 | D:4      | Reached skill level 6 in Long Blades
  2795 | D:4      | Reached XP level 6. HP: 48/56 MP: 5/5
  3438 | D:4      | Noticed Menkaure
  3452 | D:4      | Killed Menkaure
  3952 | D:5      | Entered Level 5 of the Dungeon
  4037 | D:5      | Reached XP level 7. HP: 61/61 MP: 6/6
  4088 | D:5      | Slain by a gnoll

Illustrated notes

Levels and vault maps discovered:
D:1:      enne_arrival_octagon_isle, layout_loops_ring, serial_bayou_pond_e,
          chequers_avenue, chequers_mini_garden
D:2:      layout_rooms, minmay_worlds_worst_comb
D:3:      layout_loops_cross, nemelex_dance_club_becter
D:4:      cheibrodos_quashed, layout_layer_cave, minmay_temple_entry_glass,
          uniq_menkaure
D:5:      layout_basic, led_xom_imps, uniq_eustachio

Skill      XL: |  1  2  3  4  5  6 |
---------------+-------------------+-----
Long Blades    | 4 5 6 |  6.8
Fighting       | 4 5 |  5.4
Dodging        | 3 4 |  4.2
Stealth        | 1 |  1.4
Armour         | 3 |  3.8
Shields        | |  0.8

Action                   |  1- 3 |  4- 6 |  7- 9 || total
-------------------------+-------+-------+-------++-------
Melee: Falchion          |    84 |    86 |    15 ||   185
       Headbutt          |    10 |     7 |     3 ||    20
       Punch             |     1 |     2 |       ||     3
Invok: Berserk           |       |     1 |     1 ||     2
  Use: Scroll            |       |     9 |       ||     9
       Potion            |       |       |     2 ||     2
 Stab: Sleeping          |     2 |     1 |       ||     3
Armor: Animal skin       |    22 |    11 |       ||    33
       Scale mail        |       |    31 |     2 ||    33
Dodge: Dodged            |    51 |    61 |    18 ||   130
Block: Buckler           |       |     8 |     4 ||    12
